[ AOE2 MATCH · #505524220 ]
UnrankedGoths vs Cumans
Player's team · WIN
Rival team · LOSS
[ REPLAY ANALYSIS · EXTRACTED FROM THE RECORDED GAME ]
Feudal
13:09
Castle
22:57
Imperial
—
| APM avg | 36.9 |
| APM peak | 72 |
| eAPM avg | 16.0 |
| Villagers / military | 63 / 44 |
Focus
⚔️ 29.5% · 🌾 70.5%
Militia ×39 · Fishing Ship ×7 · Battering Ram ×3 · Archer ×2
Feudal
10:23
Castle
—
Imperial
—
| APM avg | 46.0 |
| APM peak | 73 |
| eAPM avg | 24.4 |
| Villagers / military | 75 / 34 |
Focus
⚔️ 41.9% · 🌾 58.1%
Militia ×16 · Archer ×13 · Fishing Ship ×5 · Battering Ram ×5
Match map
Initial resources + every placement click. Lines = walls · curves = elevation contours. ◆ gold · ⬟ stone · ● berries · ✦ relic · ◌ wall gap
Your base· ✓ Closed at 22:57 · 29t walls · no gate
[GDL] Good_Guys's base· Open — opponent sealed themselves in
Smoothed initial terrain · ◌ = detected wall gap · hover for details
Inputs per minute
— matias_dka - - [GDL] Good_Guys
Build order — matias_dka
First 150 of 188 actions detected
| 0:02 | Create | Villager (Male) |
| 0:02 | Create | Villager (Male) |
| 0:04 | Build | House |
| 0:06 | Build | House |
| 0:13 | Research | Loom |
| 0:25 | Create | Villager (Male) |
| 0:25 | Create | Villager (Male) |
| 0:35 | Create | Villager (Male) |
| 0:35 | Create | Villager (Male) |
| 1:07 | Build | Palisade Wall |
| 1:42 | Build | Palisade Wall |
| 1:46 | Build | Palisade Wall |
| 1:47 | Build | Palisade Wall |
| 1:57 | Build | Palisade Wall |
| 2:23 | Build | Palisade Wall |
| 2:37 | Create | Villager (Male) |
| 2:37 | Create | Villager (Male) |
| 3:10 | Create | Villager (Male) |
| 3:10 | Create | Villager (Male) |
| 3:21 | Build | Palisade Wall |
| 3:35 | Create | Villager (Male) |
| 3:35 | Create | Villager (Male) |
| 3:47 | Build | Palisade Wall |
| 3:51 | Build | Palisade Wall |
| 3:54 | Build | Palisade Wall |
| 4:00 | Build | Palisade Wall |
| 4:06 | Build | House |
| 4:07 | Create | Villager (Male) |
| 4:07 | Create | Villager (Male) |
| 4:23 | Create | Villager (Male) |
| 4:23 | Create | Villager (Male) |
| 4:43 | Build | Palisade Wall |
| 4:45 | Build | Palisade Wall |
| 5:01 | Create | Villager (Male) |
| 5:02 | Create | Villager (Male) |
| 5:02 | Create | Villager (Male) |
| 5:40 | Create | Villager (Male) |
| 5:40 | Create | Villager (Male) |
| 5:44 | Create | Villager (Male) |
| 5:49 | Build | Lumber Camp |
| 5:58 | Build | Palisade Wall |
| 6:29 | Create | Villager (Male) |
| 6:30 | Create | Villager (Male) |
| 6:30 | Create | Villager (Male) |
| 7:07 | Build | House |
| 7:33 | Create | Villager (Male) |
| 7:34 | Create | Villager (Male) |
| 7:48 | Create | Villager (Male) |
| 7:48 | Create | Villager (Male) |
| 7:48 | Create | Villager (Male) |
| 8:12 | Create | Villager (Male) |
| 8:12 | Create | Villager (Male) |
| 8:38 | Create | Villager (Male) |
| 8:38 | Create | Villager (Male) |
| 9:07 | Create | Villager (Male) |
| 9:07 | Create | Villager (Male) |
| 9:29 | Build | Dock |
| 9:34 | Build | House |
| 10:14 | Build | Mining Camp |
| 10:15 | Create | Fishing Ship |
| 10:15 | Create | Fishing Ship |
| 10:34 | Create | Villager (Male) |
| 10:35 | Research | Feudal Age |
| 10:37 | Create | Fishing Ship |
| 11:31 | Create | Fishing Ship |
| 12:29 | Build | Barracks |
| 12:33 | Build | House |
| 12:45 | Build | Palisade Wall |
| 13:09 | Age | Feudal Age |
| 13:12 | Create | Villager (Male) |
| 13:17 | Build | House |
| 13:22 | Build | Mill |
| 13:30 | Create | Militia |
| 13:30 | Create | Militia |
| 13:37 | Build | Watch Tower |
| 13:45 | Create | Villager (Male) |
| 13:52 | Create | Villager (Male) |
| 14:04 | Create | Militia |
| 14:17 | Build | Barracks |
| 14:51 | Create | Villager (Male) |
| 14:51 | Create | Villager (Male) |
| 15:00 | Build | Archery Range |
| 15:02 | Research | Man-at-Arms (upgrade) |
| 15:09 | Research | Double-Bit Axe |
| 15:41 | Create | Militia |
| 15:41 | Create | Militia |
| 15:42 | Create | Archer |
| 15:42 | Create | Archer |
| 15:58 | Create | Militia |
| 16:05 | Create | Villager (Male) |
| 16:06 | Create | Villager (Male) |
| 16:10 | Build | House |
| 16:17 | Create | Militia |
| 16:27 | Create | Militia |
| 16:41 | Build | Barracks |
| 16:43 | Create | Militia |
| 16:49 | Create | Villager (Male) |
| 16:50 | Create | Villager (Male) |
| 16:54 | Build | Farm |
| 16:56 | Build | Farm |
| 17:00 | Create | Militia |
| 17:04 | Create | Militia |
| 17:27 | Build | Farm |
| 17:28 | Build | Farm |
| 17:29 | Build | Farm |
| 17:35 | Create | Militia |
| 17:35 | Create | Militia |
| 17:43 | Build | Blacksmith |
| 18:04 | Create | Villager (Male) |
| 18:04 | Create | Villager (Male) |
| 18:07 | Build | House |
| 18:08 | Build | House |
| 18:18 | Create | Fishing Ship |
| 18:35 | Build | Market |
| 18:51 | Create | Militia |
| 18:51 | Create | Militia |
| 18:53 | Build | Farm |
| 18:55 | Research | Forging |
| 19:04 | Build | House |
| 19:04 | Build | House |
| 19:20 | Build | Blacksmith |
| 19:27 | Build | House |
| 19:27 | Build | House |
| 19:36 | Build | Farm |
| 19:37 | Build | Farm |
| 19:41 | Research | Scale Mail Armor |
| 19:42 | Create | Villager (Male) |
| 19:50 | Build | Mining Camp |
| 19:54 | Build | Farm |
| 20:17 | Research | Castle Age |
| 20:52 | Create | Militia |
| 20:53 | Create | Militia |
| 20:59 | Build | Fish Trap |
| 21:03 | Build | Fish Trap |
| 21:08 | Create | Fishing Ship |
| 21:12 | Create | Militia |
| 21:13 | Create | Militia |
| 21:13 | Create | Militia |
| 21:24 | Build | Fish Trap |
| 21:36 | Build | Fish Trap |
| 21:44 | Create | Militia |
| 21:44 | Create | Militia |
| 21:44 | Create | Militia |
| 21:52 | Create | Villager (Male) |
| 22:26 | Build | Fish Trap |
| 22:31 | Create | Fishing Ship |
| 22:57 | Age | Castle Age |
| 23:01 | Research | Long Swordsman (upgrade) |
| 23:04 | Research | Squires |
| 23:09 | Research | Chain Mail Armor |
Build order — [GDL] Good_Guys
First 150 of 185 actions detected
| 0:00 | Create | Villager (Male) |
| 0:01 | Build | House |
| 0:02 | Build | House |
| 0:05 | Create | Villager (Male) ×3 |
| 0:05 | Create | Villager (Male) ×3 |
| 0:44 | Build | House |
| 1:28 | Create | Villager (Male) |
| 1:28 | Create | Villager (Male) |
| 1:46 | Create | Villager (Male) |
| 1:46 | Create | Villager (Male) |
| 1:57 | Build | Lumber Camp |
| 2:17 | Create | Villager (Male) |
| 2:17 | Create | Villager (Male) |
| 2:47 | Create | Villager (Male) |
| 2:47 | Create | Villager (Male) |
| 2:56 | Build | House |
| 3:10 | Research | Loom |
| 3:15 | Build | House |
| 3:40 | Create | Villager (Male) |
| 3:40 | Create | Villager (Male) |
| 4:30 | Create | Villager (Male) |
| 4:30 | Create | Villager (Male) |
| 5:14 | Build | Mill |
| 5:19 | Create | Villager (Male) |
| 5:20 | Create | Villager (Male) |
| 5:32 | Build | House |
| 5:39 | Create | Villager (Male) |
| 5:39 | Create | Villager (Male) |
| 5:59 | Create | Villager (Male) |
| 5:59 | Create | Villager (Male) |
| 6:20 | Create | Villager (Male) |
| 6:57 | Create | Villager (Male) |
| 7:18 | Create | Villager (Male) |
| 8:13 | Research | Feudal Age |
| 8:23 | Build | Mining Camp |
| 8:33 | Build | House |
| 9:11 | Build | Palisade Wall |
| 9:41 | Build | Barracks |
| 9:54 | Build | House |
| 9:56 | Build | House |
| 10:23 | Age | Feudal Age |
| 10:23 | Research | Double-Bit Axe |
| 10:24 | Research | Double-Bit Axe |
| 10:24 | Create | Villager (Male) |
| 10:25 | Create | Villager (Male) |
| 10:40 | Research | Man-at-Arms (upgrade) |
| 10:53 | Build | Blacksmith |
| 11:05 | Create | Villager (Male) |
| 11:28 | Create | Militia |
| 11:28 | Create | Militia |
| 11:49 | Create | Militia |
| 12:03 | Build | Siege Workshop |
| 12:08 | Create | Villager (Male) |
| 12:09 | Create | Villager (Male) |
| 12:39 | Create | Villager (Male) |
| 12:46 | Build | House |
| 12:52 | Create | Battering Ram |
| 12:53 | Create | Battering Ram |
| 13:02 | Create | Militia |
| 13:18 | Build | Watch Tower |
| 13:32 | Create | Villager (Male) |
| 14:00 | Create | Villager (Male) |
| 14:03 | Build | Mill |
| 14:08 | Create | Villager (Male) |
| 14:33 | Create | Battering Ram |
| 14:34 | Create | Battering Ram |
| 15:04 | Create | Militia |
| 16:05 | Create | Militia |
| 16:06 | Create | Militia |
| 16:10 | Research | Scale Mail Armor |
| 16:20 | Build | Mining Camp |
| 16:32 | Create | Militia |
| 17:02 | Create | Villager (Male) |
| 17:12 | Create | Militia |
| 17:13 | Create | Militia |
| 17:31 | Build | Archery Range |
| 17:44 | Build | Town Center |
| 17:48 | Create | Militia |
| 18:21 | Create | Archer |
| 19:08 | Create | Villager (Male) |
| 19:12 | Build | Farm |
| 19:12 | Build | Farm |
| 19:12 | Build | Farm |
| 19:13 | Build | Farm |
| 19:13 | Build | Farm |
| 19:29 | Create | Archer |
| 19:29 | Create | Archer |
| 19:44 | Build | Mill |
| 19:53 | Create | Villager (Male) |
| 20:04 | Create | Archer |
| 20:04 | Create | Archer |
| 20:23 | Create | Villager (Male) |
| 20:27 | Build | Farm |
| 20:32 | Build | Farm |
| 20:38 | Create | Archer |
| 20:45 | Create | Villager (Male) |
| 20:46 | Create | Villager (Male) |
| 20:58 | Build | Farm |
| 21:13 | Build | Farm |
| 21:14 | Create | Villager (Male) |
| 21:20 | Create | Villager (Male) |
| 21:20 | Create | Villager (Male) |
| 21:34 | Build | Watch Tower |
| 21:41 | Create | Villager (Male) |
| 21:41 | Create | Villager (Male) |
| 21:46 | Build | House |
| 21:53 | Create | Villager (Male) |
| 22:10 | Build | Dock |
| 22:16 | Create | Villager (Male) |
| 22:16 | Create | Villager (Male) |
| 22:18 | Create | Archer |
| 22:18 | Create | Archer |
| 22:25 | Create | Villager (Male) |
| 22:29 | Build | House |
| 22:46 | Create | Villager (Male) |
| 22:48 | Build | Farm |
| 22:49 | Build | Farm |
| 22:53 | Build | House |
| 22:58 | Create | Fishing Ship |
| 22:58 | Create | Fishing Ship |
| 23:05 | Build | Watch Tower |
| 23:18 | Create | Villager (Male) |
| 23:20 | Create | Villager (Male) |
| 23:35 | Build | Watch Tower |
| 23:37 | Create | Archer |
| 23:42 | Research | Fletching |
| 24:04 | Research | Padded Archer Armor |
| 24:09 | Create | Battering Ram |
| 24:42 | Create | Villager (Male) |
| 24:42 | Create | Villager (Male) |
| 24:44 | Create | Villager (Male) |
| 24:46 | Research | Gold Mining |
| 25:04 | Create | Fishing Ship |
| 25:04 | Create | Fishing Ship |
| 25:05 | Build | House |
| 25:06 | Build | House |
| 25:16 | Create | Archer |
| 25:20 | Build | Palisade Wall |
| 25:21 | Build | Palisade Wall |
| 25:36 | Create | Villager (Male) |
| 25:36 | Create | Villager (Male) |
| 25:57 | Build | Farm |
| 25:57 | Build | Farm |
| 25:57 | Build | Farm |
| 25:58 | Build | Farm |
| 25:58 | Build | Farm |
| 25:58 | Build | Farm |
| 25:58 | Build | Farm |
| 25:58 | Build | Farm |
| 25:59 | Build | Farm |
Match timeline
| 1:07 | matias_dka · wall_segment Palisade Wall x11 |
| 1:42 | matias_dka · wall_segment Palisade Wall x1 |
| 1:46 | matias_dka · wall_segment Palisade Wall x1 |
| 1:47 | matias_dka · wall_segment Palisade Wall x1 |
| 1:57 | matias_dka · wall_segment Palisade Wall x1 |
| 2:23 | matias_dka · wall_segment Palisade Wall x1 |
| 3:21 | matias_dka · wall_segment Palisade Wall x1 |
| 3:47 | matias_dka · wall_segment Palisade Wall x2 |
| 3:51 | matias_dka · wall_segment Palisade Wall x1 |
| 3:54 | matias_dka · wall_segment Palisade Wall x1 |
| 4:00 | matias_dka · wall_segment Palisade Wall x1 |
| 4:43 | matias_dka · wall_segment Palisade Wall x4 |
| 4:45 | matias_dka · wall_segment Palisade Wall x4 |
| 5:58 | matias_dka · wall_segment Palisade Wall x1 |
| 9:11 | [GDL] Good_Guys · wall_segment Palisade Wall x3 |
| 9:29 | matias_dka · first_building Dock |
| 9:41 | [GDL] Good_Guys · first_building Barracks |
| 10:23 | [GDL] Good_Guys · age_up feudal |
| 12:03 | [GDL] Good_Guys · first_building Siege Workshop |
| 12:29 | matias_dka · first_building Barracks |
| 12:45 | matias_dka · wall_segment Palisade Wall x1 |
| 13:09 | matias_dka · age_up feudal |
| 15:00 | matias_dka · first_building Archery Range |
| 17:31 | [GDL] Good_Guys · first_building Archery Range |
| 20:08 | matias_dka · first_market_buy 100 food |
| 20:12 | matias_dka · first_market_sell 100 wood |
| 22:10 | [GDL] Good_Guys · first_building Dock |
| 22:57 | matias_dka · age_up castle |
| 23:33 | matias_dka · first_building Siege Workshop |
| 25:20 | [GDL] Good_Guys · wall_segment Palisade Wall x1 |
| 25:21 | [GDL] Good_Guys · wall_segment Palisade Wall x1 |
| 26:37 | matias_dka · wall_segment Palisade Wall x1 |
| 29:10 | [GDL] Good_Guys · resign |
[ AI ANALYSIS · 1 CREDIT ]
What really happened in this match?
Wolo.gg analyzes every decision: build order, eco, micro, common mistakes by bracket. Personalized analysis on WhatsApp or Discord in 30 seconds.
Civ guide
Goths
Perfil
Jugador #2090196